 Seeded DCSS version 0.30-a0-305-g026cb31310 (webtiles) character file.

Game seed: 8848703615492432762 (custom seed)

169 valliere the Gusty (level 5, -2/41 HPs)
             Began as a Draconian Air Elementalist on Oct 20, 2022.
             Slain by a black bear (4 damage)
             ... on level 3 of the Dungeon on Oct 21, 2022.
             The game lasted 00:07:36 (3142 turns).

valliere the Gusty (Draconian Air Elementalist)     Turns: 3142, Time: 00:07:37

Health: -2/41      AC:  5    Str: 16    XL:     5   Next: 25%
Magic:  0/8        EV: 12    Int: 18    God:
Gold:   124        SH:  0    Dex: 11    Spells: 5/8 levels left

rFire   . . .      SeeInvis .    m - +0 dagger
rCold   . . .      Faith    .    (no shield)
rNeg    . . .      Spirit   .    (body armour unavailable)
rPois   .          Reflect  .    (helmet restricted)
rElec   .          Harm     .    (no cloak)
rCorr   .          Rampage  .    (no gloves)
Will    .....                    (no boots)
Stlth   ++........               (no amulet)
HPRegen 0.26/turn                f - +6 ring of strength
MPRegen 0.11/turn                (no ring)

@: no status effects
A: AC +5, unfitting armour, cold-blooded
a: no special abilities


You were on level 3 of the Dungeon.
You visited 1 branch of the dungeon, and saw 3 of its levels.

You collected 124 gold pieces.

Inventory:

Hand Weapons
 m - a +0 dagger (weapon)
Missiles
 b - 4 poisoned darts
Jewellery
 f - a +6 ring of strength (left hand)
Scrolls
 c - 2 scrolls of teleportation {unknown}
 e - a scroll of noise {unknown}
 j - a scroll of silence {unknown}
 k - a scroll of enchant armour {unknown}
 l - a scroll of summoning {unknown}
Potions
 a - a potion of magic
 d - a potion of berserk rage {unknown}
 g - 2 potions of experience {unknown}
 h - 2 potions of curing {unknown}
 i - 2 potions of brilliance {unknown}
 n - a potion of might {unknown}
 o - a potion of attraction {unknown}


   Skills:
 + Level 2.0 Fighting
 + Level 2.6 Dodging
 - Level 1.7 Stealth
 - Level 2.0 Spellcasting
 + Level 2.1 Conjurations
 + Level 1.4 Translocations
 * Level 4.2 Air Magic


You had 5 spell levels left.
You knew the following spells:

 Your Spells              Type           Power      Damage    Failure   Level
a - Shock                 Conj/Air       52%        1d6       4%          1
b - Static Discharge      Conj/Air       26%        2-4/arc   8%          2

Your spell library contained the following spells:

 Spells                   Type           Power      Damage    Failure   Level
 Swiftness                Air            17%        N/A       10%         3
 Cigotuvi's Dreadful Rot  Necr/Pois/Air  12%        N/A       16%         2
 Vhi's Electric Charge    Tloc/Air       24%        N/A       17%         3
 Scorch                   Fire           2%         2d5       26%         2
 Airstrike                Air            8%         2d(2-18)  30%         4
 Vampiric Draining        Necr           1%         2d6       47%         3
 Sticky Flame             Conj/Fire      5%         2d3       75%         4
 Arcjolt                  Conj/Air       6%         1d16      80%         5
 Olgreb's Toxic Radiance  Pois           1%         N/A       87%         4
 Fireball                 Conj/Fire      2%         3d4       97%         5
 Ozocubu's Refrigeration  Ice            0%         4d7       100%        7
 Ignition                 Fire           0%         3d3       100%        8
 Maxwell's Capacitive Co  Air            8%         ∞         100%        8


Dungeon Overview and Level Annotations

Branches:
Dungeon (3/15)

Altars:

Annotations:
D:3 1 transporter, Flanfartigan's ghost, amateur GnWn


Innate Abilities, Weirdness & Mutations

Your plain brown scales are hard. (AC +5)
You cannot fit into any form of body armour.
You are cold-blooded and may be slowed by cold attacks.


Message History

The zap hits the black bear.
The black bear is severely wounded.
The black bear bites you but does no damage.
The black bear claws you. The black bear closely misses you.
You barely miss the black bear.
You tail-slap the black bear, but do no damage.
The black bear is severely wounded.
The black bear bites you but does no damage.
The black bear claws you but does no damage. x2
You hit the black bear.
The black bear is severely wounded.
The black bear bites you.
The black bear claws you but does no damage.
The black bear claws you.
You barely miss the black bear.
The black bear is severely wounded.
The black bear misses you. The black bear claws you. x2
You are too injured to fight recklessly!
You are too injured to fight recklessly!
You are too injured to fight recklessly!
You are too injured to fight recklessly!
You are too injured to fight recklessly!
You closely miss the black bear. You tail-slap the black bear.
The black bear is severely wounded.
The black bear goes berserk!
You hit the black bear. You tail-slap the black bear.
The black bear is severely wounded.
The black bear bites you.
The black bear claws you but does no damage. x2
You hit the black bear.
The black bear is almost dead.
The black bear bites you!
* * * LOW HITPOINT WARNING * * *
The black bear claws you.
* * * LOW HITPOINT WARNING * * *
The black bear closely misses you. The black bear misses you.
The black bear claws you.
* * * LOW HITPOINT WARNING * * *
The black bear claws you.
You die...

##.# . ##. .###...#
#. #.$:##.#.†...#
## .#... ##....#
.## .5..#.##...#
..# ## ####5#.##..#
.###. ##..# ...#..#
.#.©###...###.##..#
.####.......###.h.#
................@.#
..................#
.....#..#######.###
####...## #.# #.###
#.# #.# #.# #.# #.#
#.. ..# ###


You could see a black bear (berserk).

Vanquished Creatures
  Natasha (twice) (D:2)
  5 adders
  3 worms
  A dart slug (D:1)
  8 ball pythons
  6 endoplasms
  3 giant cockroaches
  7 goblins
  4 hobgoblins
  2 jackals (D:1)
  5 kobolds
  2 quokkas
  5 bats
  2 frilled lizards (D:1)
  7 rats
62 creatures vanquished.

Notes
Turn   | Place    | Note
-------+----------+-------------------------------------------
     0 | D:1      | valliere the Draconian Air Elementalist began the quest for
                  | the Orb.
     0 | D:1      | Reached XP level 1. HP: 14/14 MP: 3/3
   258 | D:1      | Upgraded the game from 0.30-a0-304-gdc4b735fe1 to
                  | 0.30-a0-305-g026cb31310
   272 | D:1      | Reached XP level 2. HP: 18/22 MP: 1/5
   653 | D:1      | Reached skill level 1 in Fighting
   985 | D:1      | Reached XP level 3. HP: 28/28 MP: 1/6
  1888 | D:2      | Reached XP level 4. HP: 29/35 MP: 2/7
  1948 | D:2      | Got the Catalogue of Evil and the Blaze
  2102 | D:2      | Noticed Natasha
  2222 | D:1      | Learned a level 2 spell: Static Discharge
  2337 | D:2      | Killed Natasha
  2338 | D:2      | Reached skill level 1 in Translocations
  2338 | D:2      | Reached skill level 4 in Air Magic
  2535 | D:2      | Noticed Natasha
  2548 | D:2      | Killed Natasha
  2549 | D:2      | Reached XP level 5. HP: 10/41 MP: 0/8
  3100 | D:3      | Found a transporter.
  3102 | D:3      | Noticed Flanfartigan's ghost (amateur GnWn)
  3120 | D:3      | Noticed a black bear
  3142 | D:3      | HP: 2/41 [black bear (3)]
  3142 | D:3      | Slain by a black bear

Illustrated notes

Levels and vault maps discovered:
D:1:      minmay_arrival_widening_spiral_wide, layout_basic
D:2:      layout_loops_ring, kennysheep_nondescript, uniq_natasha
D:3:      layout_loops_ring, gammafunk_ghost_abyssal_escape

Skill      XL: |  1  2  3  4  5 |
---------------+----------------+-----
Dodging        | 2 |  2.6
Fighting       | 1 2 |  2.0
Translocations | 1 |  1.4
Air Magic      | 4 |  4.2
Conjurations   | 2 |  2.1
Stealth        | |  1.7
Spellcasting   | |  2.0

Action                   |  1- 3 |  4- 6 || total
-------------------------+-------+-------++-------
Melee: Unarmed           |    60 |    36 ||    96
       Tailslap          |     8 |    10 ||    18
       Punch             |     1 |       ||     1
       Dagger            |       |     9 ||     9
 Cast: Shock             |    86 |    61 ||   147
       Static Discharge  |       |     2 ||     2
Armor: Skin              |     9 |    24 ||    33
Dodge: Dodged            |    37 |    50 ||    87

Table legend: (Time is in decaauts)
 A = Elapsed time spent in this place.
 B = Non-inter-level travel time spent in this place.
 C = Inter-level travel time spent in this place.
 D = Time resting spent in this place.
 E = Time spent auto-exploring this place.
 F = Levels seen in this place.
 G = Mean time per level.
                   A        B        C        D        E       F      G
               +--------+--------+--------+--------+--------+-----+--------+
         Total |   3151 |   3027 |    124 |      0 |   2556 |   3 | 1050.3 |
       Dungeon |   3151 |   3027 |    124 |      0 |   2556 |   3 | 1050.3 |
               +--------+--------+--------+--------+--------+-----+--------+

Top non-repeatable levels by time:
     D:2: 1525 daAuts
     D:1: 1229 daAuts
     D:3: 396 daAuts
